 Dungeon Crawl Stone Soup version 0.25.0-1-g7eea58d (webtiles) character file.

Game seed: 7616297472393047446

240 yaymichael the Skirmisher (level 5, -2/47 HPs)
             Began as a Centaur Chaos Knight on June 14, 2020.
             Was a Plaything of Xom.
             Killed from afar by an orc wizard (4 damage)
             ... with a puff of flame
             ... on level 4 of the Dungeon.
             The game lasted 00:07:42 (2897 turns).

yaymichael the Skirmisher (Centaur Chaos Knight)    Turns: 2897, Time: 00:07:42

Health: -2/47      AC:  8    Str: 14    XL:     5   Next: 80%
Magic:  5/5        EV:  9    Int: 11    God:    Xom [....*.]
Gold:   198        SH:  0    Dex:  8    Spells: 4/4 levels left

rFire    . . .     SeeInvis .   r - +3 quarterstaff (chaos)
rCold    . . .     Gourm    .   (shield currently unavailable)
rNeg     . . .     Faith    .   y - +0 troll leather armour
rPois    .         Spirit   .   (helmet restricted)
rElec    .         Reflect  .   s - +0 cloak
rCorr    .         Harm     .   (no gloves)
MR       .....                  (no barding)
Stlth    +.........             (no amulet)
HPRegen  0.55/turn              (no ring)
MPRegen  0.09/turn              (no ring)

@: mighty, flying, hasted, lightly drained, very quick
A: large, hooves 3, horns 1, molten scales 1, deformed body, speed 2, tough skin
3, weak 1, MP-powered wands
a: Renounce Religion


You were on level 4 of the Dungeon.
You worshipped Xom.
You were a beloved toy of Xom.
You were not hungry.

You visited 1 branch of the dungeon, and saw 4 of its levels.

You collected 198 gold pieces.

Inventory:

Hand Weapons
 a - a +0 spear of chaos
 o - a +0 hunting sling
 r - a +3 quarterstaff of chaos (weapon)
Missiles
 d - 2 javelins (quivered)
Armour
 b - a +2 leather armour
 s - a +0 cloak (worn)
 w - a +0 buckler
 y - a +0 troll leather armour (worn)
Jewellery
 n - a +6 ring of strength {unknown}
Scrolls
 e - a scroll of identify
 f - a scroll of enchant armour {unknown}
 g - 2 scrolls of amnesia {unknown}
 h - a scroll of immolation {unknown}
 i - 2 scrolls of remove curse {unknown}
 t - 2 scrolls of fog {unknown}
 x - a scroll of teleportation {unknown}
Potions
 m - 2 potions of resistance
 q - 2 potions of lignification
Comestibles
 c - 9 rations
 k - a chunk of flesh


   Skills:
 * Level 4.4 Fighting
 - Level 3.2(3.6) Polearms
 * Level 2.5(3.3) Staves
 - Level 1.8 Armour
 * Level 1.2 Dodging
 * Level 1.7 Unarmed Combat


You had 4 spell levels left.
You didn't know any spells.
Your spell library was empty.

Dungeon Overview and Level Annotations

Branches:
Dungeon (4/15)
 Temple: D:4-7

Altars:
Fedhas
Okawaru
Qazlal
Trog
The Shining One


Innate Abilities, Weirdness & Mutations

You have hooves in place of feet.
Armour fits poorly on your strangely shaped body.
You cover ground very quickly.
You have extremely tough skin. (AC +3)
You have a pair of small horns on your head.
You are partially covered in molten scales. (AC +2)
You are weak. (Str -2)
You expend magic power (3 MP) to strengthen your wands.


Message History

Something hits you but does no damage. x2; The orc barely misses you.
It was a potion of flight.
You feel very buoyant.
You fly up into the air.
Something hits you but does no damage.
It was a potion of might.
You feel very mighty all of a sudden. Something hits you.
* * * LOW HITPOINT WARNING * * *
The orc closely misses you. Something hits you.
* * * LOW HITPOINT WARNING * * *
It was a potion of haste.
You feel yourself speed up. The orc barely misses you.
Something hits you but does no damage.
You barely miss something. Your headbutt misses something.
Something hits you but does no damage. The orc closely misses you.
Unknown command.
You hear some strange, mumbled words.
A puff of flame appears from out of thin air!
The puff of flame hits you.
You die... "It's all fun and games until someone loses an eye."

#. #. #. #o #.
#########
#.#####........
#..oo{.@....#
##..####.###.#
##...## #.#
#.....# #.# ##
##>..## #..
....###..# ##.
#.##.......# ..
#.##.####.## ..
... #.##.#
##'## ..#


You could see 2 orcs.

Vanquished Creatures
  Crazy Yiuf (D:2)
  An orc priest (D:4)
  Natasha (thrice) (D:2)
  2 gnolls (D:3)
  2 worms (D:2)
  2 dart slugs
  2 leopard geckos
  4 orcs (D:3)
  A bat zombie (D:3)
  4 giant cockroaches
  10 goblins
  8 hobgoblins
  13 kobolds
  4 quokkas
  A ball python (D:2)
  8 bats
  3 frilled lizards
  5 rats
  A plant (D:4)
75 creatures vanquished.

Notes
Turn   | Place    | Note
-------+----------+-------------------------------------------
     0 | D:1      | yaymichael the Centaur Chaos Knight began the quest for the
                  | Orb.
     0 | D:1      | Reached XP level 1. HP: 19/19 MP: 1/1
    68 | D:1      | XOM: potion effect (might)
    79 | D:1      | XOM: silly message
   184 | D:1      | Reached XP level 2. HP: 25/26 MP: 2/2
   275 | D:1      | XOM: divination: detect items
   592 | D:1      | XOM: silly message
   961 | D:2      | Reached XP level 3. HP: 33/33 MP: 3/3
   964 | D:2      | Found a glowing golden altar of the Shining One.
  1126 | D:2      | Found a runed translucent door.
  1127 | D:2      | Noticed Crazy Yiuf
  1132 | D:2      | XOM: draining
  1144 | D:2      | Killed Crazy Yiuf
  1144 | D:2      | Reached skill level 4 in Fighting
  1290 | D:2      | Noticed Natasha
  1290 | D:2      | XOM: smoke on damage
  1294 | D:2      | Killed Natasha
  1294 | D:2      | Reached skill level 1 in Dodging
  1294 | D:2      | Reached skill level 1 in Unarmed Combat
  1294 | D:2      | Reached XP level 4. HP: 33/40 MP: 4/4
  1297 | D:2      | Noticed Natasha
  1299 | D:2      | XOM: blink monster(s)
  1303 | D:2      | XOM: cast spell 'Cause Fear'
  1305 | D:2      | XOM: potion effect (haste)
  1309 | D:2      | Killed Natasha
  1418 | D:2      | Noticed a moth of wrath
  1421 | D:2      | Found a bloodstained altar of Trog.
  1495 | D:2      | XOM: 3-stop teleportation journey
  1573 | D:2      | XOM: confuse monster(s)
  1803 | D:2      | Noticed Natasha
  1807 | D:2      | Killed Natasha
  1807 | D:2      | Reached skill level 1 in Staves
  1807 | D:2      | Reached XP level 5. HP: 44/47 MP: 5/5
  2374 | D:3      | Found an iron altar of Okawaru.
  2694 | D:3      | XOM: cloud trail
  2761 | D:4      | Found a stormy altar of Qazlal.
  2763 | D:4      | Found a blossoming altar of Fedhas.
  2891 | D:4      | HP: 2/47 [something/puff of frost (1)]
  2892 | D:4      | Gained mutation: You are weak. (Str -2) [potion of
                  | mutation]
  2892 | D:4      | Gained mutation: You have a pair of small horns on your
                  | head. [potion of mutation]
  2892 | D:4      | Gained mutation: You are partially covered in molten
                  | scales. (AC +2) [potion of mutation]
  2892 | D:4      | Gained mutation: You expend magic power (3 MP) to
                  | strengthen your wands. [potion of mutation]
  2897 | D:4      | Killed from afar by an orc wizard

Illustrated notes

Levels and vault maps discovered:
D:1:      nagdon_arrival_double_spiral, layout_basic
D:2:      layout_basic, tso_metal_star, tgw_trog, first_ration,
          minmay_fractal_squares_5, uniq_natasha, uniq_crazy_yiuf_cottage
D:3:      layout_basic, lemuel_crystal_altar, kennysheep_vampire_church,
          okawaru_altar_gauntlet_db
D:4:      layout_loops_corners, grunt_temple_overflow_forces_of_nature,
          uniq_menkaure

Skill      XL: |  1  2  3  4  5 |
---------------+----------------+-----
Polearms       | 3 |  3.2
Fighting       | 4 |  4.4
Dodging        | 1 |  1.2
Unarmed Combat | 1 |  1.7
Staves         | 1 2 |  2.5
Armour         | |  1.8

Action                   |  1- 3 |  4- 6 || total
-------------------------+-------+-------++-------
Melee: Spear             |    71 |       ||    71
       Kick              |     7 |    16 ||    23
       Quarterstaff      |     1 |   110 ||   111
  Use: Potion            |       |     8 ||     8
       Scroll            |       |     1 ||     1
  Eat: Chunk             |     1 |     4 ||     5
Armor: Leather armour    |    21 |    39 ||    60
       Troll leather arm |       |     8 ||     8
Dodge: Dodged            |    19 |    65 ||    84
